 Dungeon Crawl Stone Soup version 0.28-a0-1594-ga885d4b3d6 (webtiles) character file.

Game seed: 5499551286965682442

83487 mcsnuffy the Carver (level 15, 115/115 HPs)
             Began as a Demonspawn Gladiator on Jan 19, 2022.
             Was an Initiate of Gozag.
             Quit the game on level 12 of the Dungeon on Jan 20, 2022.
             The game lasted 02:56:49 (33092 turns).

mcsnuffy the Carver (Demonspawn Gladiator)         Turns: 33092, Time: 02:56:50

Health: 115/115    AC: 25    Str: 20    XL:     15   Next: 32%
Magic:  18/18      EV: 13    Int: 20    God:    Gozag
Gold:   2507       SH: 11    Dex: 21    Spells: 9/18 levels left

rFire   . . .      SeeInvis .   q - +5 scimitar (flame)
rCold   + . .      Faith    .   k - +0 buckler
rNeg    . . .      Spirit   .   v - +2 chain mail {rC+}
rPois   +          Reflect  +   N - +1 helmet {Int+3}
rElec   .          Harm     .   e - +2 cloak {rPois}
rCorr   .          Rampage  .   c - +2 pair of gloves
Will    ++...                   E - +1 pair of boots
Stlth   ..........              x - amulet of reflection
HPRegen 0.29/turn               D - +6 ring of dexterity
MPRegen 0.16/turn               Z - ring of wizardry

@: no status effects
A: demonic guardian 1, powered by pain 2, big brain 3, weakness stinger 2,
hooves 1, strong-willed 1, screaming 1
a: Renounce Religion, Potion Petition, Call Merchant, Bribe Branch


You were on level 12 of the Dungeon.
You worshipped Gozag.
Gozag was most pleased with you.
You visited 4 branches of the dungeon, and saw 22 of its levels.

You collected 5594 gold pieces.
You spent 931 gold pieces at shops.
You paid 2156 gold pieces to Gozag.


Innate Abilities, Weirdness & Mutations

A weak demonic guardian rushes to your aid.
You sometimes gain power by taking damage.
You have an absolutely massive brain. (Int +6, Wiz)
You have a tail ending in a sharp stinger.
You have large cloven feet.
You are strong-willed. (Will+)
You occasionally shout uncontrollably at your foes.


   Skills:
 - Level 10.0 Fighting
 - Level 13.0 Long Blades
 - Level 3.0 Throwing
 + Level 10.0 Armour
 + Level 9.5 Dodging
 - Level 3.0 Shields
 - Level 2.0 Spellcasting
 - Level 11.3 Hexes
 - Level 10.0 Air Magic
 - Level 4.0 Evocations


You had 9 spell levels left.
You knew the following spells:

 Your Spells              Type           Power      Damage    Failure   Level
c - Cause Fear            Hex            23%        N/A       4%          4
S - Silence               Hex/Air        22%        N/A       13%         5

Your spell library contained the following spells:

 Spells                   Type           Power      Damage    Failure   Level
 Slow                     Hex            100%       N/A       1%          1
 Confusing Touch          Hex            47%        N/A       1%          3
 Swiftness                Air            42%        N/A       2%          3
 Ensorcelled Hibernation  Hex/Ice        48%        N/A       6%          2
 Airstrike                Air            21%        N/A       7%          4
 Static Discharge         Conj/Air       22%        N/A       8%          2
 Dazzling Flash           Conj/Hex       48%        N/A       12%         3
 Inner Flame              Hex/Fire       24%        N/A       12%         3
 Foxfire                  Conj/Fire      8%         2x1d4     36%         1
 Freeze                   Ice            8%         1d3       36%         1
 Pain                     Necr           8%         1d4       36%         1
 Leda's Liquefaction      Hex/Erth       12%        N/A       36%         4
 Summon Lightning Spire   Summ/Air       22%        N/A       41%         4
 Passwall                 Tmut/Erth      1%         N/A       47%         2
 Conjure Flame            Conj/Fire      2%         6-21      71%         3
 Frozen Ramparts          Ice            4%         1d2       71%         3
 Vampiric Draining        Necr           2%         2d6       71%         3
 Lightning Bolt           Conj/Air       11%        1d24      75%         5
 Dispel Undead            Necr           2%         3d7       96%         4
 Flame Wave               Conj/Fire      2%         2d4       96%         4
 Hailstorm                Conj/Ice       2%         3d3       96%         4
 Ice Form                 Ice/Tmut       2%         N/A       96%         4
 Sticky Flame             Conj/Fire      2%         2d3       96%         4
 Agony                    Necr           2%         N/A       100%        5
 Excruciating Wounds      Necr           1%         N/A       100%        5
 Lee's Rapid Deconstruct  Erth           1%         3d5*      100%        5
 Simulacrum               Ice/Necr       1%         N/A       100%        6
 Statue Form              Tmut/Erth      1%         N/A       100%        6
 Dragon Form              Tmut           1%         N/A       100%        7
 Dragon's Call            Summ           1%         N/A       100%        9

Inventory:

Hand Weapons
 q - a +5 scimitar of flaming (weapon)
 Q - a +2 scimitar of electrocution
Missiles
 p - 2 curare-tipped darts {=f}
Armour
 c - a +2 pair of gloves (worn)
 e - a +2 cloak of poison resistance (worn)
 k - a +0 buckler (worn)
 v - a +2 chain mail of cold resistance (worn)
 E - a +1 pair of boots (worn)
 N - a +1 helmet of intelligence (worn)
Jewellery
 x - an amulet of reflection (around neck)
 z - the ring of Vaoji {Wiz Will+}
   (You took it off an orc on level 6 of the Dungeon)

   [ring of wizardry]

   It improves your spell success rate.
   Will:      It increases your willpower.
 C - a ring of protection from cold
 D - a +6 ring of dexterity (left hand)
 F - a ring of fire
 I - a +6 ring of intelligence
 L - a ring of flight
 R - a ring of resist corrosion
 Z - a ring of wizardry (right hand)
Wands
 y - a wand of flame (26)
 O - a wand of charming (2)
 U - a wand of paralysis (2)
 V - a wand of polymorph (5)
Scrolls
 f - a scroll of identify {@r1}
 j - 7 scrolls of teleportation {@r2}
 l - 2 scrolls of immolation
 m - 2 scrolls of silence {!r}
 r - a scroll of vulnerability
 s - 3 scrolls of amnesia
 t - 4 scrolls of fear
 u - 3 scrolls of magic mapping
 A - 2 scrolls of blinking
 H - 2 scrolls of enchant armour
 J - 2 scrolls of fog
 P - 2 scrolls of summoning
 S - 3 scrolls of enchant weapon
Potions
 a - a potion of cancellation
 d - a potion of invisibility
 g - 2 potions of resistance
 i - 9 potions of curing {@q1}
 o - 4 potions of attraction
 w - 2 potions of mutation
 B - a potion of berserk rage {!q}
 G - a potion of might
 W - 2 potions of haste {@q3}
 X - 9 potions of ambrosia
Miscellaneous
 h - a condenser vane
 K - a lightning rod (4/4)

Dungeon Overview and Level Annotations

Branches:
Dungeon (13/15)            Temple (0/1) D:4            Lair (6/6) D:9
 Shoals (0/4) Lair:4        Snake (1/4) Lair:4          Orc (2/2) D:12
    Elf (0/3) Orc:2
  Slime: Lair:5-6    Vaults: D:13-14

Altars:
Elyvilon
Fedhas
Gozag
Hepliaklqana
Kikubaaqudgha
Makhleb
Okawaru
Qazlal
Ru
Trog
Yredelemnul
Beogh

Shops:
D:3 *(   D:6 (   Orc:1 *   Orc:2 ?=[*   Lair:5 *   Snake:1 =

Annotations:
D:3 1 runed translucent door, exclusion: downstairs
D:5 exclusion: downstairs
D:8 5 transporters
Lair:1 2 transporters, a3don's ghost, novice DsAK
Lair:4 exclusion: downstairs
Lair:6 exclusion: 2 oklob plants

####### #.###.#
......# #..##.#
......# ##..#.#
......# ##.#.#
......# #.#.#
...o..# #...#
.###.### #..#####
.###...# #..##..#
...###.####.##..@#
##.# #...##.##.#)#
#.# ###.....).#.#
#.########.....$#
#....#.....###..#
#......##### #..#
#.....## #..#
#....## #..#
#....# ####


There were no monsters in sight!


Message History

You now have 2507 gold pieces (gained 68).
Items here: ))))))) [.
Done exploring.
Done exploring.
Done exploring.
(D) Dungeon (T) Temple (L) Lair (A) Shoals (P) Snake Pit (O) Orcish Mines (E) Elven Halls
Where to? (Enter - Orc:2 @ (x,y), ? - help)
You see here a +0 giant club.
There is a staircase back to the Dungeon, spattered with blood here.
You climb upwards.
Welcome back to the Dungeon!
There is a staircase to the Orcish Mines here.
(D) Dungeon (T) Temple (L) Lair (A) Shoals (P) Snake Pit (O) Orcish Mines (E) Elven Halls
Where to? (Enter - D:12, ? - help)
Okay, then.
Unknown command.
Okay, then.
Okay, then.
(D) Dungeon (T) Temple (L) Lair (A) Shoals (P) Snake Pit (O) Orcish Mines (E) Elven Halls
Where to? (Enter - D:12, ? - help)
Okay, then.
Your movement speed is average.
Your attack delay is about 0.7.
Your base attributes are Str 20, Int 17, Dex 15.
Options error: Bad monster_list_colour key: strict_neutral (~/.crawlrc:52) Welcome back, mcsnuffy the Demonspawn Gladiator.
Gozag says: Greed is good.
Press ? for a list of commands and other information.
Are you sure you want to abandon this character and quit the game? (Confirm with "yes".)

Skill      XL: |  1  2  3  4  5  6  7  8  9 10 11 12 13 14 15 |
---------------+----------------------------------------------+-----
Long Blades    | 3 4 5 6 7 9 11 12 13 | 13.0
Throwing       | 3 |  3.0
Evocations     | 3 4 |  4.0
Fighting       | 3 5 6 7 10 | 10.0
Armour         | 3 5 7 8 9 10 | 10.0
Shields        | 2 3 |  3.0
Hexes          | 8 9 10 11 | 11.3
Air Magic      | 2 5 8 10 | 10.0
Spellcasting   | 2 |  2.0
Dodging        | 6 8 9 |  9.5

Action                   |  1- 3 |  4- 6 |  7- 9 | 10-12 | 13-15 || total
-------------------------+-------+-------+-------+-------+-------++-------
Melee: Long sword        |    75 |   106 |   196 |       |       ||   377
       Dagger            |     6 |       |       |       |       ||     6
       Tailslap          |     3 |    14 |    36 |    84 |   205 ||   342
       Punch             |     1 |       |       |       |       ||     1
       Scimitar          |       |       |   110 |   520 |  1101 ||  1731
       Kick              |       |       |       |   167 |       ||   167
Throw: Stone             |     1 |    11 |       |       |       ||    12
       Throwing net      |     1 |     3 |     3 |     2 |       ||     9
       Dart              |       |    19 |    16 |     6 |     2 ||    43
 Cast: Cause Fear        |       |       |       |     3 |    13 ||    16
       Silence           |       |       |       |       |     2 ||     2
Invok: Potion Petition   |       |       |       |       |     1 ||     1
       Call Merchant     |       |       |       |       |     2 ||     2
Evoke: Wand              |       |     6 |    30 |     7 |    29 ||    72
       Condenser vane    |       |       |       |       |     1 ||     1
       Lightning rod     |       |       |       |       |     3 ||     3
  Use: Potion            |       |     1 |     2 |     7 |     4 ||    14
       Scroll            |       |       |    11 |    11 |    14 ||    36
 Stab: Sleeping          |     1 |     2 |     1 |       |       ||     4
       Held in net/web   |       |       |       |     3 |       ||     3
       Distracted        |       |       |       |     2 |    13 ||    15
       Petrifying        |       |       |       |     1 |       ||     1
       Paralysed         |       |       |       |     1 |       ||     1
       Confused          |       |       |       |       |     5 ||     5
       Fleeing           |       |       |       |       |     1 ||     1
Armor: Leather armour    |    36 |    21 |    11 |       |       ||    68
       Ring mail         |       |       |    28 |       |       ||    28
       Chain mail        |       |       |    28 |   207 |   418 ||   653
Dodge: Dodged            |    43 |    61 |   102 |   119 |   327 ||   652
Block: Buckler           |       |    21 |   112 |   241 |   485 ||   859
       Reflection        |       |       |       |    15 |    18 ||    33

Levels and vault maps discovered:
D:1:      elethiomel_arrival_shortcut, layout_rooms
D:2:      layout_loops_corners, kennysheep_generic_room_8, uniq_natasha
D:3:      layout_loops_ring, ebering_ghost_sewer_f,
          hellmonk_ecumenical_altar_inner_sanctum, serial_shops,
          nicolae_diamond_shop, nicolae_shop_statue_plus, minmay_pentomino_pile,
          uniq_sigmund
D:4:      layout_rooms, minmay_temple_entry_purple_smoke, uniq_eustachio
D:5:      cheibrodos_helix_gallery, layout_loops_ring, minmay_bent
D:6:      layout_gridville, elyvilon_altar_4, serial_shops,
          nicolae_take_the_stairs, minmay_misc_feat_four_crosses,
          nrook_mini_vaults, uniq_duvessa, uniq_maggie, uniq_menkaure,
          uniq_crazy_yiuf_cottage
D:7:      layout_loops_ring, serial_aquarium, aquarium_bridge_island_small
          [aquarium_subvault_small_water, aquarium_subvault_wall,
          aquarium_subvault_bridge, aquarium_subvault_window,
          aquarium_subvault_wall], aquarium_window_1, aquarium_window_2,
          aquarium_window_corner, aquarium_view_2b, aquarium_view_2d,
          aquarium_balcony_1b, aquarium_pool_corner
D:8:      layout_basic, lemuel_doored_altar, makhleb_grotto_becter,
          serial_nicolae_subway, nicolae_sub_station_metal,
          nicolae_sub_station_stone, nicolae_sub_station_crystal
D:9:      layout_irregular_city, david_lair_generic
D:10:     due_megacathedral, layout_loops_ring, fedhas_bush_and_centaur_altar,
          kennysheep_mini_moat, uniq_erolcha
D:11:     layout_loops_ring
D:12:     layout_rooms, orc_0_dummy, minmay_misc_feat_x
D:13:     layout_basic, special_room [special_room_bee]
Lair:1:   layout_hall_layers, gammafunk_ghost_hive,
          nicolae_quartered_pool_medium
Lair:2:   layout_long_grid, uniq_prince_ribbit2
Lair:3:   layout_regular_city, chequers_serial_rivers_micro_b,
          bh_autumn_forest_stairs, grunt_megastairs_2
Lair:4:   layout_regular_city, minmay_shoals_entry_hut, dummy_snake_entry,
          grunt_megastairs_3
Lair:5:   layout_gridlike
Lair:6:   guppyfry_lair_end_dragon, layout_regular_city,
          minmay_slime_entry_oklob_enclosed, serial_bayou_shore_a,
          grunt_megastairs_1, infiniplex_staircase_pool
Snake:1:  layout_layer_cave, nicolae_snake_guarding_the_ruins
Orc:1:    layout_diamond_mine, serial_shops, nicolae_diamond_shop,
          elves_outpost_lemuel
Orc:2:    st_orc_ogre_mass, layout_caves, basic_altar, minmay_shop_mayhem,
          nicolae_shop_overcharged_wands

Notes
Turn   | Place    | Note
-------+----------+-------------------------------------------
     0 | D:1      | mcsnuffy the Demonspawn Gladiator began the quest for the
                  | Orb.
     0 | D:1      | Reached XP level 1. HP: 16/16 MP: 1/1
   144 | D:1      | Reached skill level 3 in Long Blades
   175 | D:1      | Gained mutation: You have an unusually large brain. (Int
                  | +2) [demonic ancestry]
   175 | D:1      | Reached XP level 2. HP: 21/22 MP: 2/2
   714 | D:2      | Reached skill level 4 in Long Blades
   714 | D:2      | Gained mutation: You have a small tail. [demonic ancestry]
   714 | D:2      | Reached XP level 3. HP: 22/27 MP: 3/3
   960 | D:2      | HP: 2/27 [acid (4)]
  1239 | D:2      | Reached XP level 4. HP: 14/33 MP: 4/4
  1493 | D:2      | Noticed Natasha
  1502 | D:2      | Killed Natasha
  1805 | D:2      | Reached skill level 5 in Long Blades
  1858 | D:2      | Gained mutation: You have an extremely huge brain. (Int +4)
                  | [demonic ancestry]
  1858 | D:2      | Reached XP level 5. HP: 35/38 MP: 5/5
  2572 | D:2      | Noticed Natasha
  2589 | D:2      | Killed Natasha
  2649 | D:2      | Noticed Natasha
  2656 | D:2      | Killed Natasha
  2657 | D:2      | Reached skill level 6 in Long Blades
  2866 | D:3      | Found a runed translucent door.
  2869 | D:3      | Noticed buddhastalin's ghost (amateur KoFi)
  2969 | D:3      | Found a runed translucent door.
  3278 | D:3      | Found Ynipsipicw's Antique Weapon Boutique.
  3404 | D:3      | Reached XP level 6. HP: 39/44 MP: 6/6
  3621 | D:3      | Found Kevy Huh's Assorted Antiques.
  3645 | D:3      | Bought a scroll labelled ZOBBAUSEPP for 21 gold pieces
  3645 | D:3      | Bought a scroll labelled ZOBBAUSEPP for 21 gold pieces
  3645 | D:3      | Bought 2 fizzy purple potions for 37 gold pieces
  3668 | D:3      | Noticed Sigmund
  3679 | D:3      | Killed Sigmund
  3680 | D:3      | Reached skill level 2 in Throwing
  3680 | D:3      | Reached skill level 2 in Evocations
  3780 | D:3      | Found a faded altar of an unknown god.
  3862 | D:3      | Killed buddhastalin's ghost
  3863 | D:3      | Reached skill level 3 in Throwing
  3863 | D:3      | Reached skill level 3 in Evocations
  3863 | D:3      | Reached XP level 7. HP: 37/50 MP: 7/7
  4015 | D:4      | Found a staircase to the Ecumenical Temple.
  4047 | D:4      | Noticed Eustachio
  4053 | D:4      | Killed Eustachio
  4054 | D:4      | Reached skill level 4 in Evocations
  4325 | D:3      | Bought a runed lead wand for 84 gold pieces
  4658 | D:4      | Reached skill level 7 in Long Blades
  4701 | D:3      | Reached skill level 3 in Fighting
  5049 | D:5      | Entered Level 5 of the Dungeon
  5167 | D:5      | Reached XP level 8. HP: 46/58 MP: 8/8
  5351 | D:5      | Reached skill level 4 in Fighting
  5918 | D:5      | Reached skill level 8 in Long Blades
  5943 | D:5      | Reached skill level 5 in Fighting
  6723 | D:5      | Reached skill level 9 in Long Blades
  6799 | D:5      | Gained mutation: You have an absolutely massive brain. (Int
                  | +6, Wiz) [demonic ancestry]
  6799 | D:5      | Reached XP level 9. HP: 62/68 MP: 9/9
  7056 | D:6      | Noticed Dowan
  7057 | D:6      | Noticed Duvessa
  7071 | D:6      | Killed Dowan
  7099 | D:6      | Killed Duvessa
  7108 | D:6      | Reached skill level 10 in Long Blades
  7486 | D:6      | Found Laannir's Weapon Shoppe.
  7646 | D:6      | Found a runed translucent door.
  7647 | D:6      | Noticed Crazy Yiuf
  7656 | D:6      | Killed Crazy Yiuf
  7740 | D:6      | Identified the ring of Vaoji {Wiz Will+}
  7789 | D:6      | Noticed a two-headed ogre
  7791 | D:6      | Noticed Maggie
  7941 | D:6      | Killed Maggie
  7942 | D:6      | Reached skill level 1 in Armour
  8095 | D:6      | Noticed a white ugly thing
  8112 | D:6      | Killed a white ugly thing
  8113 | D:6      | Reached skill level 2 in Armour
  8113 | D:6      | Reached skill level 1 in Shields
  8181 | D:6      | Killed a two-headed ogre
  8182 | D:6      | Reached skill level 11 in Long Blades
  8182 | D:6      | Reached skill level 3 in Armour
  8182 | D:6      | Reached skill level 2 in Shields
  8182 | D:6      | Reached XP level 10. HP: 74/74 MP: 10/10
  8203 | D:6      | Noticed Menkaure
  8214 | D:6      | Killed Menkaure
  8423 | D:6      | Gained mutation: You do not regenerate when monsters are
                  | visible. [potion of mutation]
  8424 | D:6      | Lost mutation: You do not regenerate when monsters are
                  | visible. [potion of mutation]
  8424 | D:6      | Gained mutation: You have large cloven feet. [potion of
                  | mutation]
  8424 | D:6      | Gained mutation: You are strong-willed. (Will+) [potion of
                  | mutation]
  8424 | D:6      | Gained mutation: You occasionally shout uncontrollably at
                  | your foes. [potion of mutation]
  8590 | D:7      | Learned a level 4 spell: Cause Fear
  8708 | D:7      | Reached skill level 3 in Shields
  9083 | D:7      | Reached skill level 4 in Armour
  9346 | D:7      | Paralysed by a hornet for 3 turns
  9670 | D:8      | Found a transporter.
  9671 | D:8      | Found a transporter.
  9789 | D:8      | Found a stormy altar of Qazlal.
  9906 | D:8      | Found a transporter.
  9906 | D:8      | Noticed a two-headed ogre
  9915 | D:8      | Killed a two-headed ogre
  9916 | D:8      | Reached skill level 5 in Armour
  9922 | D:8      | Found a transporter.
  9994 | D:8      | Found a burning altar of Makhleb.
 10091 | D:8      | Reached skill level 12 in Long Blades
 10258 | D:8      | Found a transporter.
 10264 | D:8      | Found a transporter.
 10629 | D:9      | Found a staircase to the Lair.
 10858 | D:9      | Identified a potion of experience
 10858 | D:9      | Reached skill level 8 in Hexes
 10858 | D:9      | Gained mutation: A weak demonic guardian rushes to your
                  | aid. [demonic ancestry]
 10858 | D:9      | Reached XP level 11. HP: 79/79 MP: 11/11
 10865 | D:9      | Learned a level 5 spell: Silence
 11502 | D:9      | Reached skill level 1 in Air Magic
 11658 | D:10     | Entered Level 10 of the Dungeon
 11835 | D:10     | Found a blossoming altar of Fedhas.
 12009 | D:10     | Noticed Erolcha
 12014 | D:10     | Killed Erolcha
 12015 | D:10     | Reached skill level 9 in Hexes
 12051 | D:10     | Reached skill level 2 in Air Magic
 12051 | D:10     | Gained mutation: You sometimes gain a little power by
                  | taking damage. [demonic ancestry]
 12051 | D:10     | Reached XP level 12. HP: 84/86 MP: 12/12
 12349 | D:10     | Found a bloodstained altar of Trog.
 12382 | D:10     | Found a runed translucent door.
 12394 | D:10     | Found an iron altar of Okawaru.
 12410 | D:10     | Found a hazy altar of Hepliaklqana.
 12413 | D:10     | Found a basalt altar of Yredelemnul.
 12561 | D:10     | Found a sacrificial altar of Ru.
 12587 | D:10     | Found an ancient bone altar of Kikubaaqudgha.
 12716 | D:10     | Found an opulent altar of Gozag.
 12719 | D:10     | Became a worshipper of Gozag Ym Sagoz the Greedy
 12868 | D:10     | Reached skill level 13 in Long Blades
 13118 | D:11     | Noticed a centaur warrior
 13133 | D:11     | Killed a centaur warrior
 13134 | D:11     | Reached skill level 6 in Armour
 13134 | D:11     | Reached skill level 3 in Air Magic
 13789 | D:11     | Noticed a two-headed ogre
 13800 | D:11     | Killed a two-headed ogre
 14258 | D:11     | Reached skill level 4 in Air Magic
 14396 | D:12     | Noticed a two-headed ogre
 14437 | D:12     | Noticed a two-headed ogre
 14449 | D:12     | Killed a two-headed ogre
 14450 | D:12     | Reached skill level 10 in Hexes
 14680 | D:12     | Noticed a two-headed ogre
 14682 | D:12     | Found a staircase to the Orcish Mines.
 14688 | D:12     | Killed a two-headed ogre
 14689 | D:12     | Reached skill level 7 in Armour
 14813 | D:12     | Reached skill level 5 in Air Magic
 15240 | D:12     | Killed a two-headed ogre
 15469 | D:12     | Identified the +7 dagger of Floods {freeze, Fly rN+}
 15800 | D:13     | Reached skill level 1 in Spellcasting
 16442 | D:13     | Noticed a centaur warrior
 16450 | D:13     | Killed a centaur warrior
 16463 | D:13     | Reached skill level 2 in Spellcasting
 16615 | D:13     | Noticed a catoblepas
 16741 | D:13     | Reached skill level 6 in Fighting
 17160 | D:13     | Gained mutation: You sometimes gain power by taking damage.
                  | [demonic ancestry]
 17160 | D:13     | Reached XP level 13. HP: 86/93 MP: 16/16
 17164 | D:13     | Reached skill level 8 in Armour
 17171 | D:13     | Reached skill level 6 in Air Magic
 17624 | Lair:1   | Entered Level 1 of the Lair of Beasts
 17988 | Lair:1   | Reached skill level 3 in Dodging
 18063 | Lair:1   | Found a transporter.
 18065 | Lair:1   | Found a transporter.
 18118 | Lair:1   | Noticed a3don's ghost (novice DsAK)
 18574 | Lair:2   | Noticed Prince Ribbit
 18872 | Lair:2   | Killed Prince Ribbit
 19348 | Lair:2   | Identified a scroll of acquirement
 19349 | Lair:2   | Acquired a +2 scimitar of electrocution
 20393 | Lair:3   | Reached skill level 7 in Fighting
 20626 | Lair:2   | Reached skill level 4 in Dodging
 20807 | Lair:3   | Reached skill level 7 in Air Magic
 22473 | Lair:4   | Found a staircase to the Snake Pit.
 22549 | Lair:4   | Reached skill level 5 in Dodging
 22549 | Lair:4   | Reached skill level 11 in Hexes
 23637 | Lair:4   | Found a staircase to the Shoals.
 23952 | Lair:4   | Reached skill level 8 in Air Magic
 24620 | Lair:5   | Reached skill level 6 in Dodging
 24641 | Lair:5   | Gained mutation: You have a tail ending in a sharp stinger.
                  | [demonic ancestry]
 24641 | Lair:5   | Reached XP level 14. HP: 83/103 MP: 17/17
 25211 | Lair:6   | Entered Level 6 of the Lair of Beasts
 25307 | Lair:6   | Reached skill level 9 in Air Magic
 26362 | Lair:6   | Reached skill level 7 in Dodging
 26732 | Lair:6   | Found the dreamshard necklace {*Dream Drain}
 27067 | Snake:1  | Entered Level 1 of the Snake Pit
 27100 | Snake:1  | Reached skill level 8 in Fighting
 28955 | Orc:1    | Entered Level 1 of the Orcish Mines
 29074 | Orc:1    | Reached skill level 10 in Air Magic
 29171 | Orc:1    | Found Qavinuch's General Store.
 29179 | Orc:1    | Bought a potion of invisibility for 112 gold pieces
 29179 | Orc:1    | Bought a wand of paralysis (3) for 70 gold pieces
 29179 | Orc:1    | Bought 2 potions of haste for 280 gold pieces
 29338 | Orc:1    | Reached skill level 8 in Dodging
 29696 | Orc:1    | Reached skill level 9 in Fighting
 30441 | Orc:2    | Entered Level 2 of the Orcish Mines
 30634 | Orc:1    | Reached skill level 9 in Armour
 30810 | Orc:2    | Reached skill level 10 in Fighting
 30810 | Orc:2    | Reached XP level 15. HP: 29/115 MP: 18/18
 31764 | Orc:1    | Reached skill level 10 in Armour
 32156 | Orc:2    | Found Woismer's Weapon Boutique.
 32156 | Orc:2    | Found Xuzirigent's Armour Emporium.
 32157 | Orc:2    | Found Menef's Jewellery Boutique.
 32157 | Orc:2    | Found Fiditraodgh's Magic Scroll Shoppe.
 32328 | Orc:2    | Reached skill level 9 in Dodging
 32446 | Orc:2    | Bought a scroll of summoning for 114 gold pieces
 32446 | Orc:2    | Bought a scroll of fear for 42 gold pieces
 32446 | Orc:2    | Bought a scroll of magic mapping for 42 gold pieces
 32446 | Orc:2    | Bought a scroll of teleportation for 36 gold pieces
 32446 | Orc:2    | Bought 2 scrolls of teleportation for 72 gold pieces
 32554 | Orc:2    | Found a staircase to the Elven Halls.
 32564 | Orc:2    | Found Oqoin's Overcharged Wands.
 32832 | Orc:2    | Found Uzipnull's Mayhem Merchandise.
 33092 | D:12     | Upgraded the game from 0.28-a0-1567-g1695149f81 to
                  | 0.28-a0-1594-ga885d4b3d6
 33092 | D:12     | Quit the game

Vanquished Creatures
  A fire dragon (Lair:6)
  2 naga warriors (Snake:1)
  Erolcha (D:10)
  9 hydras
  2 centaur warriors
  4 ogre magi (Orc:2)
  An anaconda (Snake:1)
  21 two-headed ogres
  A flayed ghost (D:10)
  A swamp dragon (Lair:6)
  5 deep elf pyromancers
  7 deep elf zephyrmancers (Orc:1)
  4 orc knights (Orc:1)
  A manticore (D:13)
  2 orc sorcerers
  3 ugly things
  2 cyclopes
  A salamander (Snake:1)
  9 elephants
  8 black mambas
  9 cane toads
  3 naga magi (Snake:1)
  Maggie (D:6)
  3 rime drakes
  A kobold demonologist (D:12)
  5 komodo dragons
  3 meliai (D:13)
  5 trolls
  A hornet (D:7)
  2 polar bears
  A queen bee (D:13)
  Prince Ribbit (Lair:2)
  4 dream sheep (Lair:5)
  18 blink frogs
  A snapping turtle (Lair:4)
  Sigmund (D:3)
  3 shadows
  15 yaks
  2 wyverns
  A vampire (D:11)
  7 wraiths
  A fire elemental (D:13)
  5 basilisks
  2 fire bats (D:10)
  2 steam dragons
  Eustachio (D:4)
  2 vampire mosquitoes (D:13)
  4 wargs
  Menkaure (D:6)
  The ghost of buddhastalin the Cutter, an amateur KoFi (D:3)
  5 acid dragons
  2 nagas (Snake:1)
  Duvessa (D:6)
  9 water moccasins
  20 orc warriors
  A sky beast (D:6)
  An ice beast (D:5)
  29 ogres
  A swamp drake (Lair:6)
  A black bear (D:9)
  A necrophage (D:5)
  12 wolves
  8 centaurs
  A phantom (D:6)
  2 kobold brigands
  2 gnoll sergeants
  A scorpion (D:6)
  10 bullfrogs
  A water moccasin zombie (D:5)
  Dowan (D:6)
  12 wights
  17 killer bees
  3 howler monkeys (D:10)
  2 electric eels
  A crimson imp (D:8)
  2 bullfrog zombies (D:7)
  4 centaur zombies
  5 jellies
  A lava snake (D:13)
  16 orc priests
  Crazy Yiuf (D:6)
  A gnoll shaman (D:6)
  2 bullfrog skeletons
  A centaur skeleton (D:6)
  4 iguanas
  A scorpion zombie (D:5)
  Natasha (thrice) (D:2)
  24 orc wizards
  7 hell rats (Lair:5)
  16 gnolls
  15 adders
  A white imp (D:8)
  An ufetubus (D:7)
  2 worms
  A dart slug (D:4)
  68 orcs
  10 endoplasms
  9 giant cockroaches
  6 goblins
  6 hobgoblins
  2 jackals
  4 quokkas
  8 ball pythons
  16 bats
  A frilled lizard (D:1)
  16 kobolds
  2 rats
  A bush (D:10)
592 creatures vanquished.

Vanquished Creatures (collateral kills)
  A hydra (Lair:5)
  A two-headed ogre (Orc:1)
  2 dream sheep (Lair:5)
  An orc warrior (Orc:1)
  2 ogres (Orc:2)
  An orc priest (Orc:2)
  An orc wizard (D:12)
  An orc (D:12)
10 creatures vanquished.

Vanquished Creatures (others)
  A naga warrior (Snake:1)
  An orc (Orc:2)
  A quokka (D:6)
  A bush (Lair:2)
  26 fungi
  26 plants
56 creatures vanquished.

Grand Total: 658 creatures vanquished

Table legend: (Time is in decaauts)
 A = Elapsed time spent in this place.
 B = Non-inter-level travel time spent in this place.
 C = Inter-level travel time spent in this place.
 D = Time resting spent in this place.
 E = Time spent auto-exploring this place.
 F = Levels seen in this place.
 G = Mean time per level.
                   A        B        C        D        E       F      G
               +--------+--------+--------+--------+--------+-----+--------+
         Total |  32938 |  31587 |   1351 |   8928 |  15660 |  22 | 1497.2 |
       Dungeon |  18117 |  17187 |    930 |   4759 |   8756 |  13 | 1393.6 |
          Lair |  10501 |  10171 |    330 |   2685 |   5750 |   6 | 1750.2 |
     Snake Pit |    654 |    654 |      0 |    365 |     12 |   1 |  654.0 |
  Orcish Mines |   3666 |   3576 |     90 |   1118 |   1141 |   2 | 1833.0 |
               +--------+--------+--------+--------+--------+-----+--------+

Top non-repeatable levels by time:
   Orc:1: 2668 daAuts
  Lair:4: 2577 daAuts
  Lair:3: 2162 daAuts
     D:2: 2028 daAuts
    D:13: 1834 daAuts
  Lair:2: 1830 daAuts
     D:5: 1828 daAuts
    D:11: 1699 daAuts
     D:6: 1638 daAuts
  Lair:6: 1574 daAuts
     D:3: 1564 daAuts
  Lair:5: 1488 daAuts
    D:10: 1397 daAuts
    D:12: 1394 daAuts
     D:9: 1309 daAuts

Table legend:
 A = Non-vault XP
 B = Vault XP
 C = Vault XP percentage of total XP
 D = Non-vault monster count
 E = Vault monster count
 F = Vault count percentage of total count
                 A         B        C        D         E       F
            +---------+---------+-------+---------+---------+-------
      Total |   66682 |   43048 |  39.2 |     471 |     132 |  21.9
            +---------+---------+-------+---------+---------+-------
        D:1 |      35 |       0 |   0.0 |      22 |       0 |   0.0
        D:2 |     281 |      37 |  11.6 |      25 |       2 |   7.4
        D:3 |      79 |     424 |  84.3 |      13 |       8 |  38.1
        D:4 |     311 |     182 |  36.9 |      23 |       1 |   4.2
        D:5 |    1167 |     442 |  27.5 |      32 |       9 |  22.0
        D:6 |    2060 |     843 |  29.0 |      25 |       5 |  16.7
        D:7 |     860 |       0 |   0.0 |      12 |       0 |   0.0
        D:8 |    1852 |      50 |   2.6 |      26 |       1 |   3.7
        D:9 |    1306 |     725 |  35.7 |      18 |       4 |  18.2
       D:10 |    1716 |    2783 |  61.9 |      22 |       8 |  26.7
       D:11 |    4445 |       0 |   0.0 |      13 |       0 |   0.0
       D:12 |    4126 |     816 |  16.5 |      18 |       1 |   5.3
       D:13 |    4745 |    1682 |  26.2 |      18 |      12 |  40.0
     Lair:1 |    2351 |       0 |   0.0 |      16 |       0 |   0.0
     Lair:2 |    5265 |    1374 |  20.7 |      19 |       5 |  20.8
     Lair:3 |    5570 |       0 |   0.0 |      21 |       0 |   0.0
     Lair:4 |    6492 |     262 |   3.9 |      16 |       1 |   5.9
     Lair:5 |    8330 |       0 |   0.0 |      28 |       0 |   0.0
     Lair:6 |    3368 |    6950 |  67.4 |      13 |      18 |  58.1
    Snake:1 |    3920 |    2042 |  34.3 |       7 |       4 |  36.4
      Orc:1 |    6365 |   11363 |  64.1 |      66 |      21 |  24.1
      Orc:2 |    2038 |   13073 |  86.5 |      18 |      32 |  64.0
            +---------+---------+-------+---------+---------+-------
